 Dungeon Crawl Stone Soup version 0.27.1-2-g3b301248ec (webtiles) character file.

Game seed: 15357278383091066114

6105 Borgoz the Fighter (level 10, -5/66 HPs)
             Began as a Gargoyle Gladiator on Sept 28, 2021.
             Was an Elder of Okawaru.
             Slain by a sun demon (17 damage)
             ... summoned by a kobold demonologist
             ... on level 9 of the Dungeon.
             The game lasted 00:14:27 (9211 turns).

Borgoz the Fighter (Gargoyle Gladiator)             Turns: 9211, Time: 00:14:27

Health: -5/66      AC: 22    Str: 18    XL:     10   Next: 88%
Magic:  10/10      EV: 13    Int: 10    God:    Okawaru [****..]
Gold:   1181       SH:  0    Dex: 13    Spells: 9/9 levels left

rFire    . . .     SeeInvis .   e - +5 whip (elec)
rCold    . . .     Faith    .   (no shield)
rNeg     + . .     Spirit   .   n - +2 ring mail "Myff" {Regen+}
rPois    ∞         Reflect  .   c - +0 helmet
rElec    +         Harm     .   (no cloak)
rCorr    .         Rampage  .   j - +0 pair of gloves
Will     +....                  (no boots)
Stlth    +.........             (no amulet)
HPRegen  1.21/turn              i - ring of willpower
MPRegen  0.12/turn              o - +4 ring of protection

@: hasted, very quick
A: sickness immunity, AC +7, negative energy resistance 1, electricity
resistance, torment resistance 1, petrification resistance
a: Renounce Religion, Heroism


You were on level 9 of the Dungeon.
You worshipped Okawaru.
Okawaru was greatly pleased with you.
You visited 2 branches of the dungeon, and saw 10 of its levels.
You also visited: Ossuary and Bailey.

You collected 1181 gold pieces.

Inventory:

Hand Weapons
 e - a +5 whip of electrocution (weapon)
Missiles
 d - 2 throwing nets (quivered)
Armour
 c - a +0 helmet (worn)
 j - a +0 pair of gloves (worn)
 n - the +2 ring mail "Myff" (worn) {Regen+}
   (You found it in a bailey)

   Regen:     It increases your rate of health regeneration.
 y - +1 acid dragon scales
Jewellery
 i - a ring of willpower (left hand)
 o - a +4 ring of protection (right hand)
 p - a ring of protection from cold
Wands
 w - a wand of paralysis (16)
 A - a wand of iceblast (6)
Scrolls
 q - a scroll of fear
 r - a scroll of magic mapping
 s - a scroll of fog
 t - 11 scrolls of teleportation
 v - a scroll of blinking
Potions
 a - 2 potions of brilliance
 b - a potion of flight
 f - 3 potions of curing
 g - a potion of haste
 h - a potion of mutation
 k - a potion of cancellation
 l - a potion of resistance
 m - 3 potions of might
 u - 5 potions of attraction


   Skills:
 * Level 9.1 Fighting
 * Level 8.6 Maces & Flails
 - Level 1.7 Throwing
 * Level 8.7 Armour
 * Level 7.2 Dodging


You had 9 spell levels left.
You didn't know any spells.
Your spell library contained the following spells:

 Spells                   Type           Power      Damage    Failure   Level
 Freeze                   Ice            0%         1d3       52%         1
 Magic Dart               Conj           0%         1d3       52%         1
 Searing Ray              Conj           0%         3d3       67%         2
 Frozen Ramparts          Ice            0%         1d2       88%         3
 Fulminant Prism          Conj/Hex       0%         3d6       99%         4
 Hailstorm                Conj/Ice       0%         3d3       99%         4
 Chain Lightning          Conj/Air       0%         N/A       100%        9
 Fire Storm               Conj/Fire      0%         5d1       100%        9


Dungeon Overview and Level Annotations

Branches:
Dungeon (9/15)             Temple (1/1) D:4            Lair (0/6) D:9
    Orc (0/2) D:9         Ossuary (visited)          Bailey (visited)

Altars:
Ashenzari
Cheibriados
Dithmenos
Elyvilon
Fedhas
Gozag
Hepliaklqana
Kikubaaqudgha
Makhleb
Nemelex Xobeh
Okawaru
Qazlal
Ru
Sif Muna
Trog
Uskayaw
Vehumet
Wu Jian
Xom
Yredelemnul
Zin
The Shining One

Annotations:
D:9 Prince Ribbit


Innate Abilities, Weirdness & Mutations

You are immune to sickness and miasma.
Your stone body is resilient. (AC +7)
You are immune to poison.
You resist negative energy. (rN+)
You are resistant to electric shocks. (rElec)
You are resistant to unholy torment.
You are immune to petrification.


Message History

Prince Ribbit hits you but does no damage.
A kobold comes into view. It is wielding a +1 dagger of venom.
The kobold demonologist mumbles some strange words.
You closely miss Prince Ribbit.
Prince Ribbit is moderately wounded.
The kobold shouts!
Prince Ribbit misses you.
You miss Prince Ribbit.
Prince Ribbit is moderately wounded.
Prince Ribbit hits you!
The kobold demonologist mumbles some strange words.
You closely miss Prince Ribbit.
Prince Ribbit is moderately wounded.
Prince Ribbit hits you but does no damage.
The kobold demonologist looks satisfied for a moment.
You hit Prince Ribbit.
Prince Ribbit is moderately wounded.
Prince Ribbit barely misses you.
The kobold demonologist looks satisfied for a moment.
You whack Prince Ribbit!
Prince Ribbit is severely wounded.
Prince Ribbit blinks!
The sun demon hits you!
You are engulfed in flames!
You are too injured to fight recklessly!
You are too injured to fight recklessly!
You are too injured to fight recklessly!
You are too injured to fight recklessly!
You are too injured to fight recklessly!
You are too injured to fight recklessly!
You are too injured to fight recklessly!
You are too injured to fight recklessly!
You are too injured to fight recklessly!
You are too injured to fight recklessly!
You are too injured to fight recklessly!
You are too injured to fight recklessly!
You are too injured to fight recklessly!
Okay, then.
You feel yourself speed up. The sun demon hits you!
* * * LOW HITPOINT WARNING * * *
You are engulfed in flames!
You die...

##.#..#...........≈####≈≈..#
.#...*##########+.≈≈≈≈≈≈≈..#
###+#* ***#............#
*,,* #....#####......# *,**
***###+########.######
**,****,,.[....>......#
,,,,,**,,...........###
,,,,,**,,?....K.....#
,,,,,*,,,....4.K@.(.#
,,,,,*,,,......3....#
,,,,,*,,,!...K......#
,,,,,,,,,......F....#
,,,,,,*,,...........#
,,,,,,*,,....[......#
,,,,,**,,...........#
,,,,,****############ ******


You could see a sun demon (summoned), 2 kobold demonologists, Prince Ribbit, a
red devil (summoned) and a kobold.

Vanquished Creatures
  A two-headed ogre (D:9)
  Pikel (D:9)
  An orc knight (Bailey)
  Maggie (D:6)
  A troll (D:7)
  A shadow (D:7)
  10 yaks
  A steam dragon (D:8)
  Menkaure (Ossuary)
  2 orc warriors (Bailey)
  2 black bears
  An ogre (D:5)
  2 necrophages
  A centaur (D:8)
  3 phantoms
  A kobold brigand (D:9)
  An elf zombie (Ossuary)
  A bullfrog (D:8)
  A scorpion (D:4)
  3 wyvern zombies
  A howler monkey (D:7)
  4 centaur zombies (Ossuary)
  3 orc priests (D:5)
  3 hounds
  A human zombie (Ossuary)
  2 iguanas
  Jessica (D:2)
  A bullfrog skeleton (D:5)
  An ogre zombie (Ossuary)
  7 mummies
  7 gnolls
  A howler monkey skeleton (D:6)
  7 adders
  2 white imps
  An ufetubus (D:5)
  4 dart slugs
  18 orcs
  3 endoplasms
  3 giant cockroaches
  10 hobgoblins
  4 jackals (D:1)
  20 kobolds
  7 quokkas
  10 ball pythons
  A ball python zombie (D:3)
  4 bats
  6 frilled lizards
  12 goblins
  6 goblin zombies (Ossuary)
  5 hobgoblin zombies (Ossuary)
  4 kobold zombies (Ossuary)
  4 quokka zombies (Ossuary)
  8 rats
  4 rat zombies (Ossuary)
  A spectral kobold (D:4)
212 creatures vanquished.

Vanquished Creatures (collateral kills)
  A howler monkey (D:5)
  An adder (D:5)
2 creatures vanquished.

Grand Total: 214 creatures vanquished

Notes
Turn   | Place    | Note
-------+----------+-------------------------------------------
     0 | D:1      | Borgoz the Gargoyle Gladiator began the quest for the Orb.
     0 | D:1      | Reached XP level 1. HP: 12/12 MP: 1/1
   241 | D:1      | Reached XP level 2. HP: 17/18 MP: 2/2
   304 | D:1      | Reached skill level 1 in Armour
   521 | D:1      | Reached XP level 3. HP: 18/22 MP: 3/3
  1337 | D:2      | Reached XP level 4. HP: 27/27 MP: 4/4
  1416 | D:2      | Noticed Jessica
  1423 | D:2      | Killed Jessica
  1424 | D:2      | Reached skill level 3 in Fighting
  2140 | D:3      | Reached XP level 5. HP: 27/32 MP: 5/5
  2214 | D:3      | Noticed a phantom
  2229 | D:3      | Killed a phantom
  2656 | D:3      | Reached XP level 6. HP: 22/38 MP: 6/6
  2814 | D:3      | Found a stormy altar of Qazlal.
  3181 | D:3      | Reached skill level 4 in Fighting
  3560 | D:4      | Found a staircase to the Ecumenical Temple.
  3576 | Temple   | Entered the Ecumenical Temple
  3722 | Temple   | Became a worshipper of Warmaster Okawaru
  3915 | D:4      | Found a sand-covered staircase.
  3935 | Ossuary  | Entered an ossuary
  4034 | Ossuary  | Reached XP level 7. HP: 41/44 MP: 7/7
  4058 | Ossuary  | Noticed Menkaure
  4074 | Ossuary  | Killed Menkaure
  4092 | Ossuary  | Reached skill level 5 in Maces & Flails
  4100 | Ossuary  | Reached skill level 5 in Fighting
  4287 | Ossuary  | Reached * piety under Okawaru
  4543 | Ossuary  | Reached XP level 8. HP: 46/49 MP: 8/8
  4918 | D:4      | Found a hazy altar of Hepliaklqana.
  4970 | D:5      | Entered Level 5 of the Dungeon
  5272 | D:5      | Reached skill level 5 in Armour
  5560 | D:5      | Reached skill level 6 in Fighting
  5624 | D:5      | Reached skill level 5 in Dodging
  5645 | D:5      | You fall into a shaft and drop 3 floors!
  5696 | D:8      | Found a sacrificial altar of Ru.
  5763 | D:8      | Found a glowing golden altar of the Shining One.
  5769 | D:8      | Found a shimmering altar of Xom.
  5769 | D:8      | Found a sparkling altar of Nemelex Xobeh.
  5769 | D:8      | Found a glowing silver altar of Zin.
  5769 | D:8      | Found a blossoming altar of Fedhas.
  5769 | D:8      | Found a bloodstained altar of Trog.
  6072 | D:7      | Reached ** piety under Okawaru
  6073 | D:7      | Reached XP level 9. HP: 56/56 MP: 9/9
  6331 | D:5      | Found an ornate altar of the Wu Jian Council.
  6665 | D:6      | Noticed Maggie
  6677 | D:6      | Killed Maggie
  6871 | D:6      | Found a basalt altar of Yredelemnul.
  6903 | D:6      | Found a shadowy altar of Dithmenos.
  7037 | D:7      | Noticed a troll
  7050 | D:7      | Killed a troll
  7051 | D:7      | Reached skill level 7 in Fighting
  7349 | D:7      | Reached *** piety under Okawaru
  7471 | D:8      | Found a radiant altar of Vehumet.
  8152 | D:8      | Reached XP level 10. HP: 29/64 MP: 10/10
  8157 | D:8      | Reached **** piety under Okawaru
  8158 | D:8      | Reached skill level 8 in Fighting
  8765 | D:9      | Found a staircase to the Lair.
  8797 | D:9      | Noticed a two-headed ogre
  8810 | D:9      | Killed a two-headed ogre
  8810 | D:9      | Received a gift from Okawaru
  8894 | D:9      | Noticed Pikel
  8911 | D:9      | Killed Pikel
  8926 | D:9      | Found a flagged portal.
  8991 | Bailey   | Entered a bailey
  9110 | Bailey   | Noticed an orc knight
  9111 | Bailey   | Found a bloodstained altar of Trog.
  9137 | Bailey   | Killed an orc knight
  9138 | Bailey   | Reached skill level 9 in Fighting
  9154 | Bailey   | Identified the +2 ring mail "Myff" {Regen+}
  9190 | D:9      | Noticed Prince Ribbit
  9199 | D:9      | Noticed a kobold demonologist
  9199 | D:9      | Noticed a kobold demonologist
  9208 | D:9      | Noticed a sun demon
  9211 | D:9      | Slain by a sun demon

Illustrated notes

Levels and vault maps discovered:
D:1:      elethiomel_arrival_quiet, layout_basic, minmay_pentomino_z4
D:2:      layout_loops_ring, uniq_jessica
D:3:      layout_rooms, mainiacjoe_overflow_brackets, minmay_mini_jars
D:4:      layout_gridville, nicolae_hepliaklqana_monster_ancestors,
          minmay_temple_entry_wispy, gup_ossuary_entry_pyramid,
          grunt_decor_arrowhead
D:5:      layout_rooms, kennysheep_mini
D:6:      layout_loops_cross, mainiacjoe_overflow_two_lobes, uniq_maggie
D:7:      layout_cave_pools, minmay_misc_feat_five
D:8:      layout_loops_ring, overflow_temple_1_default, fiery_altar_vehumet,
          grunt_temple_overflow_open, serial_glass, glass_columns_b,
          glass_columns_a, hangedman_abyss_or_decor_passed
D:9:      layout_roguey, lair_entry_dummy, minmay_orc_entry_temple_small,
          enter_bailey_4, uniq_prince_ribbit1, uniq_pikel
Temple:   compressed_dpeg_triangle_lava_temple

Skill      XL: |  1  2  3  4  5  6  7  8  9 10 |
---------------+-------------------------------+-----
Armour         | 1 2 3 4 5 7 8 |  8.7
Fighting       | 3 4 5 6 7 9 |  9.1
Dodging        | 3 4 5 6 7 |  7.2
Maces & Flails | 4 5 6 7 8 |  8.6
Throwing       | |  1.7

Action                   |  1- 3 |  4- 6 |  7- 9 | 10-12 || total
-------------------------+-------+-------+-------+-------++-------
Melee: Flail             |   139 |   108 |       |       ||   247
       Whip              |       |    77 |   366 |   127 ||   570
Throw: Throwing net      |       |     1 |     2 |     3 ||     6
Evoke: Wand              |       |       |       |     9 ||     9
  Use: Scroll            |       |     6 |    14 |     6 ||    26
       Potion            |       |       |     2 |     2 ||     4
 Stab: Distracted        |       |       |     1 |       ||     1
       Held in net/web   |       |       |     1 |     2 ||     3
Armor: Leather armour    |    56 |    43 |       |       ||    99
       Scale mail        |       |    40 |   140 |       ||   180
       Acid dragon scale |       |       |    44 |    45 ||    89
       Ring mail         |       |       |       |     2 ||     2
Dodge: Dodged            |   102 |   129 |   178 |    88 ||   497
